 Dungeon Crawl Stone Soup version 0.29-a0-334-gb41bcbb86e (webtiles) character file.

Game seed: 6810639731645423370

602 spaghetti the Conjurer (level 7, -1/41 HPs)
             Began as an Octopode Conjurer on Apr 14, 2022.
             Was an Initiate of Ru.
             Slain by an ogre
             ... wielding a +0 giant club
              (25 damage)
             ... on level 5 of the Dungeon.
             The game lasted 00:08:50 (5288 turns).

spaghetti the Conjurer (Octopode Conjurer)          Turns: 5288, Time: 00:08:50

Health: -1/41      AC:  1    Str:  7    XL:     7   Next: 41%
Magic:  21/21      EV: 12    Int: 22    God:    Ru [......]
Gold:   224        SH:  3    Dex: 10    Spells: 9/13 levels left

rFire   . . .      SeeInvis .   e - +2 short sword (speed) {short}
rCold   . . .      Faith    +   b - +0 buckler
rNeg    + . .      Spirit   .   (helmet restricted)
rPois   .          Reflect  .   g - amulet of faith {!P}
rElec   .          Harm     .   v - ring of positive energy
rCorr   .          Rampage  .   B - ring of magical power
Will    .....                   (no ring)
Stlth   ++++......              (no ring)
HPRegen 0.13/turn               (no ring)
MPRegen 0.17/turn               (no ring)
                                (no ring)
                                (no ring)

@: very slightly contaminated
A: almost no armour, amphibious, 8 rings, camouflage 1, gelatinous body 1,
nimble swimmer 1, tentacles
a: Renounce Religion


You were on level 5 of the Dungeon.
You worshipped Ru.
Ru was noncommittal.
You visited 2 branches of the dungeon, and saw 6 of its levels.

You collected 224 gold pieces.


Innate Abilities, Weirdness & Mutations

You cannot wear most types of armour.
You are amphibious.
You can wear up to eight rings at the same time.
Your skin changes colour to match your surroundings (Stealth+).
Your rubbery body absorbs attacks. (AC +1, EV +1)
You are camouflaged when in or above water. (Stealth+)
You have tentacles for arms and can constrict up to eight enemies at once.


   Skills:
 - Level 2.0 Dodging
 - Level 2.6 Stealth
 + Level 3.6 Spellcasting
 + Level 6.1 Conjurations
 + Level 3.0 Earth Magic
 - Level 4.0 Invocations


You had 9 spell levels left.
You knew the following spells:

 Your Spells              Type           Power      Damage    Failure   Level
a - Magic Dart            Conj           100%       1d8       1%          1
b - Stone Arrow           Conj/Erth      48%        3d10      7%          3

Your spell library contained the following spells:

 Spells                   Type           Power      Damage    Failure   Level
 Searing Ray              Conj           62%        2d6       1%          2
 Dazzling Flash           Conj/Hex       34%        N/A       14%         3
 Sting                    Tmut/Pois      16%        1d3       16%         1
 Poisonous Vapours        Pois/Air       8%         N/A       24%         2
 Fulminant Prism          Conj/Hex       8%         3d7       41%         4
 Iskenderun's Mystic Bla  Conj/Tloc      17%        2d5       41%         4
 Olgreb's Toxic Radiance  Pois           4%         N/A       85%         4
 Lehudib's Crystal Spear  Conj/Erth      12%        10d4      100%        8
 Chain Lightning          Conj/Air       8%         3d11      100%        9
 Fire Storm               Conj/Fire      8%         8d2       100%        9
 Shatter                  Erth           8%         3d10*     100%        9
 Animate Armour           Summ/Erth      Unusable   N/A       N/A         4

Inventory:

Hand Weapons
 e - a +2 short sword of speed (weapon) {short}
   (You found it on level 1 of the Dungeon)
Missiles
 c - 134 stones {throwing}
Armour
 b - a +0 buckler (worn)
   (You found it on level 4 of the Dungeon)
Magical Staves
 r - a staff of cold {!astaff}
   (You found it on level 3 of the Dungeon)
Jewellery
 g - an amulet of faith (around mantle) {!P}
   (You found it on level 1 of the Dungeon)
 i - an amulet of the acrobat
   (You found it on level 2 of the Dungeon)
 v - a ring of positive energy (left tentacle)
   (You found it on level 4 of the Dungeon)
 B - a ring of magical power (right tentacle)
   (You found it on level 5 of the Dungeon)
Wands
 q - a wand of paralysis (8)
   (You found it on level 3 of the Dungeon)
 s - a wand of charming (2)
   (You found it on level 3 of the Dungeon)
Scrolls
 f - a scroll of immolation {unknown}
 h - 7 scrolls of identify {unknown}
 k - 2 scrolls of brand weapon {unknown}
 m - a scroll of noise {unknown}
 o - 3 scrolls of enchant armour {unknown}
 p - 2 scrolls of blinking {unknown}
 u - a scroll of fog {unknown}
 x - 2 scrolls of teleportation {unknown}
 y - 3 scrolls of amnesia {unknown}
Potions
 a - 2 potions of magic
 d - a potion of attraction {unknown}
 j - a potion of heal wounds {@q2}
 l - a potion of lignification {!q}
 n - a potion of brilliance {unknown}
 t - a potion of mutation {unknown}
 w - 4 potions of curing {unknown}
 z - a potion of haste {unknown}
 A - a potion of degeneration {unknown}

Dungeon Overview and Level Annotations

Branches:
Dungeon (5/15)             Temple (1/1) D:4

Altars:
Ashenzari
Cheibriados
Dithmenos
Elyvilon
Gozag
Hepliaklqana
Kikubaaqudgha
Makhleb
Nemelex Xobeh
Okawaru
Qazlal
Ru
Sif Muna
Trog
Uskayaw
Vehumet
Wu Jian
Xom
Yredelemnul
Zin
The Shining One

Annotations:
D:5 4 runed translucent doors

####.##########.##8$}8##.# #.
###....#.......#8....8#.## #.
###...##.#.#####.+......+..### #.
#..._....#.......+.$...y+....# #.
#........#..#....#8....8#..#.# #<
.....)......#.#..##8|!8##....###.
....⌠.............######.......#.
..............###'# #+###...#.
#._..._...#..##O@.# ##..##
#........##>.#)#.## #...#
#........###.# ##) #..#.
##.....### #.# ## #..## #######
#.# #.##. #.## #### ##.#..
#..######..######..)#.
##................###.
######.###.##....###.


You could see an ogre.


Message History

Aiming: Stone Arrow (dangerous; 9% risk of failure)
Press: ? - help, Shift-Dir - straight line, f - orc
Aim: an orc, wielding a +0 club and wearing a +0 chain mail (asleep, 100% to hit)
The stone arrow hits the orc!
You kill the orc!
A sky beast comes into view. 😎 MP[-3]
You lost 3 mp, and now have 18/21 mp.
Casting: Stone Arrow (dangerous; 9% risk of failure)
Confirm with . or Enter, or press ? or * to list all spells.
Aiming: Stone Arrow (dangerous; 9% risk of failure)
Press: ? - help, Shift-Dir - straight line, f - sky beast
Aim: a sky beast (60% to hit)
The stone arrow hits the sky beast!
The sky beast flickers out of sight!
Deactivating autopickup; reactivate with Ctrl-A. 😎 MP[-3]
You lost 3 mp, and now have 15/21 mp.
Casting: Stone Arrow (dangerous; 9% risk of failure)
Confirm with . or Enter, or press ? or * to list all spells.
You can't see any susceptible monsters within range! (Use Z to cast anyway.)
Casting: Stone Arrow (dangerous; 9% risk of failure)
Confirm with . or Enter, or press ? or * to list all spells.
Aiming: Stone Arrow (dangerous; 9% risk of failure)
Press: ? - help, Shift-Dir - straight line The stone arrow hits something!!
You hear a shout!
An orc comes into view. It is wielding a +0 dagger.
Something hits you. Something shocks you. 😕 HP[-10] MP[-3]
You take 10 damage, and now have 31/41 hp.
MASSIVE DAMAGE!! (PAUSE)
You lost 3 mp, and now have 12/21 mp.
Casting: Stone Arrow (dangerous; 9% risk of failure)
Confirm with . or Enter, or press ? or * to list all spells.
Aiming: Stone Arrow (dangerous; 9% risk of failure)
Press: ? - help, Shift-Dir - straight line, f - orc
Aim: an orc, wielding a +0 dagger (71% to hit)
You miscast Stone Arrow.
You are very lightly contaminated with residual magic.
Nothing appears to happen.
You block something's attack. 😕 HP[+1] MP[-3]
You lost 3 mp, and now have 9/21 mp.
Casting: Stone Arrow (dangerous; 9% risk of failure)
Confirm with . or Enter, or press ? or * to list all spells.
Aiming: Stone Arrow (dangerous; 9% risk of failure)
Press: ? - help, Shift-Dir - straight line, f/p - orc
Aim: an orc, wielding a +0 dagger (71% to hit)
The stone arrow misses the orc.
Something hits you. Something shocks you. 😮 HP[-8] MP[-3]
You take 8 damage, and now have 24/41 hp.
You lost 3 mp, and now have 6/21 mp.
Casting: Stone Arrow (dangerous; 9% risk of failure)
Confirm with . or Enter, or press ? or * to list all spells.
Aiming: Stone Arrow (dangerous; 9% risk of failure)
Press: ? - help, Shift-Dir - straight line, f/p - orc
Aim: an orc, wielding a +0 dagger (71% to hit)
The stone arrow hits the orc!
You kill the orc!
You hear a shout!
Something barely misses you. 😮 MP[-2]
You lost 2 mp, and now have 4/21 mp.
You start resting.
A sky beast appears from thin air!
Reactivating autopickup.
The sky beast barely misses you.
A sky beast is nearby!
A sky beast is nearby!
A sky beast is nearby!
You hit the sky beast.
You kill the sky beast!
Your Conjurations skill increases to level 6!
Your Earth Magic skill increases to level 3!
You start resting.
An ogre comes into view. It is wielding a +0 giant club.
The rain has left you waist-deep in water!
Floosh!
An ogre is nearby!
An ogre is nearby!
An ogre is nearby!
An ogre is nearby!
Casting: Stone Arrow (dangerous; 7% risk of failure)
Confirm with . or Enter, or press ? or * to list all spells.
Aiming: Stone Arrow (dangerous; 7% risk of failure)
Press: ? - help, Shift-Dir - straight line, f - ogre
Aim: an ogre, wielding a +0 giant club (86% to hit)
The stone arrow hits the ogre! 😮 MP[-3]
You lost 3 mp, and now have 1/21 mp.
Casting: Stone Arrow (dangerous; 7% risk of failure)
Confirm with . or Enter, or press ? or * to list all spells.
Aiming: Magic Dart (safe; 1% risk of failure)
Press: ? - help, Shift-Dir - straight line, f/p - ogre
Aim: an ogre, wielding a +0 giant club (heavily wounded, 100% to hit)
Okay, then.
Okay, then.
Okay, then.
Magic courses through your body.
The ogre hits you with a +0 giant club!!
Ouch! That really hurt!
You die...

Skill      XL: |  1  2  3  4  5  6  7 |
---------------+----------------------+-----
Invocations    | 1 2 3 4 |  4.0
Spellcasting   | 3 |  3.6
Conjurations   | 5 6 |  6.1
Earth Magic    | 1 2 3 |  3.0
Dodging        | |  2.0
Stealth        | |  2.6

Action                   |  1- 3 |  4- 6 |  7- 9 || total
-------------------------+-------+-------+-------++-------
Melee: Short sword       |    12 |    25 |     1 ||    38
       Constrict         |     3 |     5 |       ||     8
       Tentacles         |     3 |     2 |       ||     5
 Cast: Magic Dart        |    64 |   101 |     4 ||   169
       Stone Arrow       |       |     5 |     8 ||    13
  Use: Potion            |       |     5 |     1 ||     6
Armor: Skin              |       |    16 |       ||    16
Dodge: Dodged            |    20 |    26 |     3 ||    49
Block: Buckler           |       |       |     1 ||     1

Levels and vault maps discovered:
D:1:      denvon_arrival_waterhouse, layout_rooms,
          dreamdust_ecumenical_altar_sealed_demon
D:2:      layout_loops_corners
D:3:      layout_basic
D:4:      layout_rooms, minmay_temple_entry_mini_moons, serial_park_tiny_1,
          minmay_goblin_kobold_house
D:5:      layout_loops_cross, grunt_temple_overflow_open,
          cheibrodos_sewer_entry_bend, minmay_hollow_rounded_squares
Temple:   mainiacjoe_temple_coin_purse

Notes
Turn   | Place    | Note
-------+----------+-------------------------------------------
     0 | D:1      | spaghetti the Octopode Conjurer began the quest for the
                  | Orb.
     0 | D:1      | Reached XP level 1. HP: 11/11 MP: 3/3
     0 | D:1      | magus.rc [v1.9.6]
   191 | D:1      | You add the spells Sting, Poisonous Vapours and Olgreb's
                  | Toxic Radiance to your library.
   195 | D:1      | Reached XP level 2. HP: 17/17 MP: 0/5
   373 | D:1      | Reached skill level 1 in Invocations
   451 | D:1      | You fall into a shaft and drop 1 floor!
   668 | D:1      | Reached XP level 3. HP: 21/21 MP: 0/6
   946 | D:1      | Found a faded altar of an unknown god.
  1451 | D:2      | Reached skill level 2 in Invocations
  1459 | D:2      | Reached XP level 4. HP: 27/27 MP: 5/8
  1495 | D:2      | You pick up a book of Conjurations {@e2} and begin
                  | reading...
  2069 | D:2      | Reached skill level 3 in Spellcasting
  2489 | D:3      | Reached XP level 5. HP: 26/31 MP: 5/9
  2491 | D:3      | HP: 3/31 [acid (10)]
  2493 | D:3      | Reached skill level 5 in Conjurations
  2493 | D:3      | Reached skill level 3 in Invocations
  3058 | D:3      | You pick up a book of Armaments and begin reading...
  3058 | D:3      | You add the spells Stone Arrow and Lehudib's Crystal Spear
                  | to your library.
  3268 | D:3      | Learned a level 3 spell: Stone Arrow
  3300 | D:4      | Noticed an ogre
  3304 | D:4      | Killed an ogre
  3305 | D:4      | Reached skill level 1 in Earth Magic
  3305 | D:4      | Reached XP level 6. HP: 36/36 MP: 3/10
  3538 | D:4      | Found a staircase to the Ecumenical Temple.
  3546 | Temple   | Entered the Ecumenical Temple
  3698 | Temple   | Became a worshipper of Ru the Awakened
  3904 | D:4      | Reached skill level 4 in Invocations
  3989 | D:4      | Reached skill level 2 in Earth Magic
  4179 | D:4      | HP: 10/54 [something/magic dart (6)]
  4648 | D:5      | Entered Level 5 of the Dungeon
  4747 | D:5      | Reached XP level 7. HP: 41/41 MP: 5/11
  4893 | D:5      | Found a large runed translucent door.
  4893 | D:5      | Found a large runed translucent door.
  4897 | D:5      | Found a large runed translucent door.
  4897 | D:5      | Found a large runed translucent door.
  4899 | D:5      | Noticed a kobold demonologist
  4915 | D:5      | Found a sparkling altar of Nemelex Xobeh.
  4918 | D:5      | Found a shimmering blue altar of Sif Muna.
  4920 | D:5      | Found an opulent altar of Gozag.
  5203 | D:5      | You pick up a book of Annihilations and begin reading...
  5203 | D:5      | You add the spells Chain Lightning, Fire Storm and Shatter
                  | to your library.
  5286 | D:5      | Reached skill level 6 in Conjurations
  5286 | D:5      | Reached skill level 3 in Earth Magic
  5288 | D:5      | Slain by an ogre

Vanquished Creatures
  A sky beast (D:5)
  An ogre (D:4)
  A gnoll shaman (D:4)
  A hound (D:5)
  2 orc priests
  3 jellies
  An iguana (D:4)
  An orc wizard (D:4)
  8 gnolls
  2 worms
  2 dart slugs (D:1)
  9 orcs
  3 bats
  8 endoplasms
  5 giant cockroaches
  9 goblins
  7 hobgoblins
  4 jackals (D:2)
  A quokka (D:3)
  4 ball pythons
  4 frilled lizards
  5 kobolds
82 creatures vanquished.

Table legend:
 A = Non-vault XP
 B = Vault XP
 C = Vault XP percentage of total XP
 D = Non-vault monster count
 E = Vault monster count
 F = Vault count percentage of total count
                 A         B        C        D         E       F
            +---------+---------+-------+---------+---------+-------
      Total |     715 |     146 |  17.0 |      75 |       7 |   8.5
            +---------+---------+-------+---------+---------+-------
        D:1 |      58 |       0 |   0.0 |      23 |       0 |   0.0
        D:2 |      81 |       0 |   0.0 |      20 |       0 |   0.0
        D:3 |      97 |       0 |   0.0 |      13 |       0 |   0.0
        D:4 |     355 |       8 |   2.2 |      16 |       4 |  20.0
        D:5 |     124 |     138 |  52.7 |       3 |       3 |  50.0
            +---------+---------+-------+---------+---------+-------

Illustrated notes

Table legend:
 A = Kills in this place as a percentage of kills in entire the game.
 B = Kills by you in this place as a percentage of kills by you in the entire game.
 C = Kills by friends in this place as a percentage of kills by friends in the entire game.
 D = Other kills in this place as a percentage of other kills in the entire game.
 E = Experience gained in this place as a percentage of experience gained in the entire game.
 F = Experience gained in this place divided by the number of levels of this place that you have seen.
                   A       B       C       D       E      F
               +-------+-------+-------+-------+-------+----------------------
         Total | 100.0 | 100.0 |   N/A |   N/A | 100.0 | 143.5
       Dungeon | 100.0 | 100.0 |   N/A |   N/A | 100.0 | 172.2
               +-------+-------+-------+-------+-------+----------------------

Table legend: (Time is in decaauts)
 A = Elapsed time spent in this place.
 B = Non-inter-level travel time spent in this place.
 C = Inter-level travel time spent in this place.
 D = Time resting spent in this place.
 E = Time spent auto-exploring this place.
 F = Levels seen in this place.
 G = Mean time per level.
                   A        B        C        D        E       F      G
               +--------+--------+--------+--------+--------+-----+--------+
         Total |   5277 |   5147 |    130 |    287 |   4324 |   6 |  879.5 |
       Dungeon |   5114 |   5013 |    101 |    287 |   4207 |   5 | 1022.8 |
        Temple |    162 |    133 |     29 |      0 |    117 |   1 |  162.0 |
               +--------+--------+--------+--------+--------+-----+--------+

Top non-repeatable levels by time:
     D:1: 1222 daAuts
     D:4: 1194 daAuts
     D:2: 1190 daAuts
     D:3: 868 daAuts
     D:5: 638 daAuts
  Temple: 162 daAuts
